 Dungeon Crawl Stone Soup version 0.15-a0-1537-ge1f089e (webtiles) character file.

12642 Crauler the Grappler (level 11, 0/92 HPs)
             Began as a White Draconian Transmuter on June 16, 2014.
             Was a High Priest of Makhleb.
             Killed from afar by an electric eel (2 damage)
             ... with a bolt of electricity
             ... on Level 12 of the Dungeon.
             The game lasted 01:05:19 (12817 turns).

Crauler the Grappler (White Draconian Transmuter)  Turns: 12817, Time: 01:05:21

HP   0/92        AC 11     Str 13      XL: 11   Next: 65%
MP   0/25        EV 16     Int 20      God: Makhleb [*****.]
Gold 679         SH  0     Dex 12      Spells:  3 memorised, 13 levels left

rFire  . . .     SeeInvis .       - Unarmed
rCold  + . .     Clarity  .     (armour unavailable)
rNeg   . . .     rCorr    .     (no shield)
rPois  .         rRot     .     T - +1 hat
rElec  .         Spirit   +     N - +0 cloak
SustAb +         Warding  .     (no gloves)
rMut   .         Stasis   .     O - +1 pair of boots
Gourm  .                        B - amulet of guardian spirit
MR     .....                    o - ring of sustain abilities
                                I - +4 ring of intelligence

@: not resistant to hostile enchantments, very unstealthy
A: breathe frost, unfitting armour, cold resistance 1, cold-blooded, AC +7
a: Breathe Frost, Minor Destruction, Lesser Servant of Makhleb, Major
Destruction, Greater Servant of Makhleb, Renounce Religion


You were on level 12 of the Dungeon.
You worshipped Makhleb.
Makhleb was extremely pleased with you.
You were near starving.

You visited 2 branches of the dungeon, and saw 13 of its levels.

You collected 679 gold pieces.

Inventory:

Hand weapons
 t - the +3 spear of Annoyance {pain, Str+2}
   (You found it on level 5 of the Dungeon)

   In the hands of one skilled in necromantic magic, it inflicts extra damage on
   living creatures.
   It affects your strength (+2).
Missiles
 b - 12 arrows
Armour
 N - a +0 cloak (worn)
 O - a +1 pair of boots (worn)
 T - a +1 hat (worn)
Magical devices
 n - a wand of confusion (15)
 x - a wand of random effects (10)
 y - a wand of confusion (13)
 E - a wand of frost (11)
 F - a wand of digging (19)
 G - a wand of polymorph (0)
 H - a wand of fireball (2)
 Q - a wand of fire (5)
 U - a wand of cold (11)
Comestibles
 a - 13 bread rations
 j - 7 meat rations
 A - 12 fruits
Scrolls
 f - 2 scrolls of teleportation
 g - 6 scrolls of remove curse
 i - 4 scrolls of enchant armour
 k - 3 scrolls of fear
 p - 14 scrolls of identify
 r - 3 scrolls of amnesia
 s - 2 scrolls of fog
 w - 2 scrolls of recharging {unknown}
 z - a scroll of enchant weapon
 K - a scroll of magic mapping {unknown}
 P - a scroll of vulnerability {unknown}
 V - a scroll of blinking {unknown}
Jewellery
 c - an uncursed ring of ice
 o - a ring of sustain abilities (right hand)
 q - an uncursed amulet of resist corrosion
 B - an amulet of guardian spirit (around neck)
 I - a +4 ring of intelligence (left hand)
Potions
 e - 5 potions of curing
 h - 2 potions of might
 m - a potion of brilliance {unknown}
 v - a potion of cure mutation
 C - a potion of degeneration {unknown}
 D - a potion of poison {unknown}
 J - a potion of porridge
Books
 d - a book of Changes

   Spells                             Type                      Level
   *Beastly Appendage                 Transmutation                1
   Sticks to Snakes                   Transmutation                2
   *Spider Form                       Transmutation/Poison         3
   Ice Form                           Ice/Transmutation            4
   *Blade Hands                       Transmutation                5
 u - a book of the Earth

   Spells                             Type                      Level
   Leda's Liquefaction                Hexes/Earth                  4
   Bolt of Magma                      Conjuration/Fire/Earth       5
   Statue Form                        Transmutation/Earth          6
   Iron Shot                          Conjuration/Earth            6
   Shatter                            Earth                        9
 M - a book of Fire

   Spells                             Type                      Level
   Ignite Poison                      Fire/Transmutation           5
   Fireball                           Conjuration/Fire             5
   Bolt of Fire                       Conjuration/Fire             6
   Delayed Fireball                   Conjuration/Fire             7
   Ring of Flames                     Charms/Fire                  7
 S - a book of Transfigurations

   Spells                             Type                      Level
   Stoneskin                          Transmutation/Earth          2
   Ice Form                           Ice/Transmutation            4
   Statue Form                        Transmutation/Earth          6
   Dragon Form                        Transmutation                7
Miscellaneous
 L - a plain deck of war


   Skills:
 - Level 7.1 Fighting
 * Level 8.9 Dodging
 - Level 9.1 Unarmed Combat
 - Level 6.0 Spellcasting
 + Level 8.1 Transmutations
 - Level 8.0 Invocations


You had 13 spell levels left.
You knew the following spells:

 Your Spells              Type           Power        Failure   Level  Hunger
a - Beastly Appendage     Trmt           #####.       1%          1    None
b - Spider Form           Trmt/Pois      ###.......   8%          3    ##.....
c - Blade Hands           Trmt           #####.....   12%         5    #####..


Dungeon Overview and Level Annotations

Branches:
Dungeon (12/15)            Temple (1/1) D:6             Orc (0/4) D:12
   Lair (0/8) D:10

Altars:
Ashenzari
Cheibriados
Dithmenos
Elyvilon
Fedhas
Gozag
Kikubaaqudgha
Makhleb
Nemelex Xobeh
Okawaru
Qazlal
Sif Muna
Trog
Vehumet
Xom
Yredelemnul
Zin
The Shining One

Portals:
Trove: D:10 (give +4 fire dragon armour)

Annotations:
D:7 exclusion: ice statue
D:12 exclusion: door


Innate Abilities, Weirdness & Mutations

You can breathe waves of freezing cold.*
You can buffet flying creatures when you breathe cold.*
Your icy white scales are hard (AC +7).*
Your body does not fit into most forms of armour.
Your flesh is cold resistant.*
Your cold-blooded metabolism reacts poorly to cold.*


Message History

The hill giant is moderately wounded.
The hill giant hits you with a giant club!!!
* * * LOW HITPOINT WARNING * * *
Your hands revert to their normal proportions.
Read which item? (? for menu, Esc to quit)
Okay, then.
Drink which item? (? for menu, Esc to quit)
Okay, then.
Read which item? (? for menu, Esc to quit)
As you read the scroll of teleportation, it crumbles to dust.
You feel strangely unstable.
The hill giant hits you with a giant club!!
* * * LOW HITPOINT WARNING * * *
Your surroundings suddenly seem different.
Splash!
You fall into the shallow water.
Moving in this stuff is going to be slow.
The electric eel shoots out a bolt of electricity!
The bolt of electricity hits you!
You die...

C≈≈≈≈ #..# ≈≈≈≈≈≈≈♣ #..#
;≈♣≈≈≈♣≈≈♣♣#..#
≈≈≈≈.!.≈≈≈≈♣#..# ≈
≈≈≈?♣!≈ ≈≈≈#..########
♣≈≈≈≈.(.≈≈≈≈♣#..........
♣≈≈♣≈≈≈♣≈≈♣ #..........
♣≈≈≈≈≈≈≈♣ #..........
♣≈≈≈@≈♣ #..........
♣♣≈≈≈♣♣ #..<.....(.
♣♣≈♣♣ #.......... #'
#.......... ♣≈
#.......... ≈≈
#.......... ≈≈
#.......... ≈≈≈
#.......... ≈
#..........


You could see an electric eel.

Vanquished Creatures
  An unseen horror (D:12)
  2 hill giants
  The ghost of Vidiiot the Ruffian, an experienced FoFi of Okawaru (D:6)
  A feature mimic (D:12)
  2 gargoyles
  2 trolls
  A fire vortex (D:12)
  A hydra skeleton (D:11)
  A two-headed ogre (D:12)
  A shadow (D:11)
  A shark (D:10)
  A basilisk (D:11)
  A steam dragon (D:10)
  6 yaks (D:10)
  3 hungry ghosts
  Grum (D:8)
  A spriggan (D:8)
  A hill giant skeleton (D:11)
  2 hippogriffs
  Edmund (D:8)
  A porcupine (D:10)
  3 wolves
  3 orc warriors
  3 ice beasts
  2 yellow wasps (D:10)
  A manticore zombie (D:12)
  2 sky beasts (D:11)
  A phantom (D:8)
  7 centaurs
  3 ogres
  4 big kobolds
  3 lava worms (D:12)
  5 giant frogs
  A gnoll sergeant (D:7)
  A water moccasin zombie (D:11)
  2 scorpions
  An eye of draining (D:12)
  7 killer bees
  A hippogriff skeleton (D:12)
  2 electric eels (D:12)
  8 crimson imps
  A giant frog zombie (D:11)
  6 hounds (D:10)
  A quasit (D:8)
  4 orc priests
  2 jellies
  A kobold skeleton (D:9)
  5 iguanas
  4 big fish
  9 orc wizards
  11 worker ants
  A mottled dragon zombie (D:12)
  An ogre zombie (D:7)
  Ijyb (D:4)
  2 hound zombies
  Terence (D:2)
  11 gnolls
  A worker ant zombie (D:9)
  3 adders
  2 giant mites
  2 orc skeletons
  3 shadow imps
  2 adder skeletons
  3 giant geckos
  An ooze (D:1)
  22 orcs
  14 bats
  A bat skeleton (D:6)
  A bat zombie (D:7)
  5 giant cockroaches
  12 hobgoblins
  14 jackals
  A ball python (D:2)
  7 giant newts
  12 goblins
  A hobgoblin skeleton (D:8)
  3 hobgoblin zombies
  34 kobolds
  8 quokkas
  13 rats
  A rat skeleton (D:6)
319 creatures vanquished.

Vanquished Creatures (collateral kills)
  The ghost of Crauler the Basher, a powerful OgWr of Okawaru (D:9)
  3 killer bees (D:11)
4 creatures vanquished.

Vanquished Creatures (others)
  A ynoxinul (D:11)
1 creature vanquished.

Grand Total: 324 creatures vanquished

Notes
Turn   | Place    | Note
--------------------------------------------------------------
     0 | D:1      | Crauler, the Draconian Transmuter, began the quest for the Orb.
     0 | D:1      | Reached XP level 1. HP: 16/16 MP: 3/3
   174 | D:1      | Reached XP level 2. HP: 11/23 MP: 4/4
   867 | D:1      | Reached XP level 3. HP: 25/28 MP: 6/6
  1165 | D:2      | Noticed Terence
  1172 | D:1      | Learned a level 3 spell: Spider Form
  1183 | D:2      | Killed Terence
  2193 | D:3      | Reached XP level 4. HP: 28/35 MP: 7/7
  2595 | D:4      | Reached skill level 4 in Unarmed Combat
  2625 | D:4      | Noticed Ijyb
  2652 | D:4      | Killed Ijyb
  2730 | D:4      | Noticed a phantom
  2944 | D:4      | Reached XP level 5. HP: 22/41 MP: 7/9
  2962 | D:4      | Noticed a hungry ghost
  2972 | D:5      | Entered Level 5 of the Dungeon
  3434 | D:5      | Paralysed by a potion of paralysis for 7 turns
  3825 | D:5      | Got a smoking spear
  3826 | D:5      | Identified the +3 spear of Annoyance {pain, Str+2} (You found it on level 5 of the Dungeon)
  3957 | D:5      | Reached XP level 6. HP: 28/50 MP: 11/11
  4212 | D:6      | Noticed Vidiiot's ghost (experienced FoFi)
  4559 | D:6      | Found a staircase to the Ecumenical Temple.
  4574 | Temple   | Entered the Ecumenical Temple
  4600 | Temple   | Became a worshipper of Makhleb the Destroyer
  4784 | D:6      | HP: 2/51 [orc warrior/long sword of freezing (7)]
  4792 | D:5      | Reached skill level 5 in Unarmed Combat
  4792 | D:5      | Your scales start taking on an icy white colour.
  4792 | D:5      | Gained mutation: Your flesh is cold resistant. [draconian maturity]
  4792 | D:5      | Reached XP level 7. HP: 2/57 MP: 11/14
  5314 | D:6      | Reached skill level 1 in Invocations
  5384 | D:6      | Killed Vidiiot's ghost
  5384 | D:6      | Reached XP level 8. HP: 17/66 MP: 1/17
  5613 | D:6      | Reached skill level 6 in Unarmed Combat
  5613 | D:6      | Reached skill level 5 in Transmutations
  5686 | D:6      | Acquired Makhleb's first power
  5841 | D:6      | Reached skill level 5 in Dodging
  6029 | D:7      | Acquired Makhleb's second power
  6205 | D:7      | Noticed an ice statue
  6440 | D:7      | Reached XP level 9. HP: 47/72 MP: 15/18
  7020 | D:7      | Acquired Makhleb's third power
  7863 | D:8      | Noticed Edmund
  7876 | D:8      | Killed Edmund
  7890 | D:8      | Reached skill level 5 in Fighting
  8069 | D:8      | Reached skill level 7 in Unarmed Combat
  8069 | D:8      | Reached skill level 5 in Invocations
  8167 | D:8      | Noticed Grum
  8199 | D:8      | Acquired Makhleb's fourth power
  8210 | D:8      | Killed Grum
  8797 | D:9      | Reached XP level 10. HP: 81/81 MP: 21/21
  8929 | D:9      | Noticed Crauler's ghost (powerful OgWr)
  8989 | D:9      | Killed Crauler's ghost
  9190 | D:10     | Entered Level 10 of the Dungeon
  9202 | D:9      | Learned a level 5 spell: Blade Hands
  9454 | D:10     | Found a portal to a secret trove of treasure.
  9537 | D:10     | Reached skill level 5 in Spellcasting
  9662 | D:10     | Found a staircase to the Lair.
  9827 | D:10     | Reached skill level 8 in Unarmed Combat
  9892 | D:10     | Acquired Makhleb's fifth power
 10076 | D:10     | Paralysed by a yellow wasp for 2 turns
 10380 | D:10     | Noticed a hill giant
 10386 | D:10     | Killed a hill giant
 10574 | D:11     | Reached XP level 11. HP: 84/89 MP: 12/23
 11393 | D:12     | Found a staircase to the Orcish Mines.
 11552 | D:12     | Reached skill level 9 in Unarmed Combat
 12123 | D:12     | Noticed a seven-headed hydra
 12282 | D:12     | Noticed a hill giant
 12297 | D:12     | Killed a hill giant
 12594 | D:12     | Noticed a hill giant
 12797 | D:12     | Killed an unseen horror
 12813 | D:12     | HP: 1/92 [hill giant/giant club (22)]
 12817 | D:12     | Killed from afar by an electric eel

Action                   |  1- 3 |  4- 6 |  7- 9 | 10-12 || total
-------------------------+-------+-------+-------+-------++-------
Melee: Unarmed           |   140 |   189 |   641 |   454 ||  1424
       Spear             |       |    33 |     6 |       ||    39
 Cast: Beastly Appendage |     1 |     4 |    10 |     2 ||    17
       Spider Form       |     1 |     6 |    19 |     4 ||    30
       Blade Hands       |       |       |       |    26 ||    26
Invok: Minor Destruction |       |       |     3 |     3 ||     6
       Major Destruction |       |       |       |     7 ||     7
       Lesser Servant of |       |       |       |     3 ||     3
 Abil: Breathe Frost     |       |       |     4 |     2 ||     6
       End Transformatio |       |       |     1 |       ||     1
Evoke: Wand              |       |     3 |     4 |    10 ||    17
  Use: Scroll            |       |    14 |     1 |     2 ||    17
       Potion            |       |     7 |     1 |     2 ||    10
 Stab: Distracted        |       |     1 |     1 |       ||     2
       Sleeping          |       |     1 |     1 |       ||     2
       Confused          |       |       |     1 |       ||     1
